[Event "Titled Tuesday Blitz February 07 Late 2023"]
[White "Marcolino, Daniel Mattos"]
[Black "Marczuk, Dominik"]
[WhiteFideId "2106841"]
[BlackFideId "1111264"]
[WhiteElo "2006"]
[BlackElo "2253"]
[Result "0-1"]
[Round "05"]
[TimeControl "180+2"]
[Date "2023.02.07"]
[WhiteClock "0:00:30"]
[BlackClock "0:02:36"]

1. d4 Nf6 2. Nf3 g6 3. g3 Bg7 4. Bg2 O-O 5. O-O d6 6. b3 Nbd7 7. Bb2 e5 8. dxe5 Ng4 9. Qc1 Ngxe5 10. Nxe5 Nxe5 11. c4 Qe7 12. Nc3 c6 13. Rd1 Rd8 14. Qc2 Bf5 15. e4 Bg4 16. Ne2 Nf3+ 17. Kh1 Bxb2 18. Qxb2 Qxe4 19. Ng1 Qe5 20. Qxe5 Nxe5 21. f4 0-1


[Site "https://www.chess.com"]

[Event "Titled Tuesday Blitz February 07 Late 2023"]
[White "Jesusesmifuerza"]
[Black "Slavin, Alexey"]
[BlackFideId "24104388"]
[WhiteElo "2043"]
[BlackElo "2364"]
[Result "1-0"]
[Round "05"]
[TimeControl "180+2"]
[Date "2023.02.07"]
[WhiteClock "0:00:26"]
[BlackClock "0:00:32"]

1. d4 Nc6 2. Nc3 e6 3. Bf4 d6 4. e3 Nf6 5. Nf3 Be7 6. h3 O-O 7. Bd3 Re8 8. O-O h6 9. Bh2 Bf8 10. Ne4 e5 11. dxe5 dxe5 12. Nxf6+ Qxf6 13. Bb5 Bd6 14. Bxc6 bxc6 15. e4 Ba6 16. Re1 Rad8 17. Qc1 c5 18. c4 Bb7 19. Qe3 g5 20. Rad1 Qg6 21. Nd2 h5 22. f3 g4 23. fxg4 hxg4 24. hxg4 Qxg4 25. Qf3 Qg6 26. Rf1 Bc8 27. Qf6 Qxf6 28. Rxf6 Kg7 29. Rdf1 Re6 30. Rxf7+ Kg6 31. R7f2 Bb7 32. Re1 Rh8 33. Bg3 Rh5 34. Nf3 Rf6 35. Nh4+ Kf7 36. Rxf6+ Kxf6 37. Nf5 Rg5 38. Bh4 Kg6 39. Bxg5 Kxg5 40. Kf2 Bf8 41. Kf3 Kf6 42. Rh1 Ba6 43. b3 Kg6 44. Rh8 Kf7 45. Rh7+ Kg6 46. Rxc7 1-0


[Site "https://www.chess.com"]

[Event "Titled Tuesday Blitz February 07 Late 2023"]
[White "Mohammadian, Mohammad"]
[Black "Antonio, Jorge Carlos"]
[WhiteFideId "12566055"]
[BlackFideId "113190"]
[WhiteElo "1398"]
[BlackElo "2277"]
[Result "0-1"]
[Round "05"]
[TimeControl "180+2"]
[Date "2023.02.07"]
[WhiteClock "0:00:40"]
[BlackClock "0:01:17"]

1. e4 c5 2. Nf3 e6 3. d4 cxd4 4. Nxd4 a6 5. Nc3 Nc6 6. Be3 Nf6 7. Be2 Bb4 8. f3 d5 9. exd5 exd5 10. O-O O-O 11. Qd3 Re8 12. a3 Rxe3 13. Qxe3 Bc5 14. Kh1 Bxd4 15. Qd3 Bb6 16. Rad1 Be6 17. Qd2 Qc7 18. Qg5 h6 19. Qg3 Qxg3 20. hxg3 Nh5 21. Kh2 Bc7 22. f4 Nf6 23. Bd3 Ng4+ 24. Kg1 Ne3 25. f5 Nxd1 26. fxe6 Nxc3 27. exf7+ Kf8 28. bxc3 Ne5 29. c4 Nxd3 30. cxd3 dxc4 31. dxc4 Rd8 32. Rf3 Rd7 33. Rb3 Bd6 34. a4 Kxf7 35. Kf1 Bc5 36. Ke2 b6 37. Kf3 a5 38. Kg4 Rd4+ 39. Kh5 Rxc4 40. Rf3+ Kg8 41. Kg6 Rg4+ 42. Kf5 Rxa4 43. Ke6 Rg4 44. Kd7 a4 45. Ke8 a3 46. Kd7 a2 47. Rf1 Rxg3 48. Ra1 Rxg2 49. Kc6 h5 50. Kb5 h4 0-1


[Site "https://www.chess.com"]

[Event "Titled Tuesday Blitz February 07 Late 2023"]
[White "Pinheiro, Iung Alicio de O."]
[Black "Barash, Anton"]
[WhiteFideId "2104350"]
[BlackFideId "30935229"]
[WhiteElo "2306"]
[BlackElo "2074"]
[Result "1-0"]
[Round "05"]
[TimeControl "180+2"]
[Date "2023.02.07"]
[WhiteClock "0:01:29"]
[BlackClock "0:02:10"]

1. e4 e6 2. d4 d5 3. e5 c5 4. c3 Qb6 5. Nf3 Nc6 6. Bd3 cxd4 7. O-O Bd7 8. Re1 Nge7 9. a3 Ng6 10. h4 Qc7 11. cxd4 f6 12. h5 fxe5 13. hxg6 e4 14. Ng5 exd3 15. Nf7 1-0


[Site "https://www.chess.com"]

[Event "Titled Tuesday Blitz February 07 Late 2023"]
[White "Prohorov, Olexandr"]
[Black "Sadovsky, Artem"]
[WhiteFideId "14105578"]
[BlackFideId "4155840"]
[WhiteElo "2086"]
[BlackElo "2276"]
[Result "1/2-1/2"]
[Round "05"]
[TimeControl "180+2"]
[Date "2023.02.07"]
[WhiteClock "0:01:42"]
[BlackClock "0:01:37"]

1. e4 g6 2. h4 d5 3. exd5 Qxd5 4. h5 Bg7 5. hxg6 hxg6 6. Rxh8 Bxh8 7. Nc3 Qa5 8. d4 c6 9. Bc4 Nf6 10. Ne2 Nbd7 11. Bd2 Qf5 12. Ng3 Qg4 13. Qxg4 Nxg4 14. d5 Nb6 15. Bb3 Bxc3 16. Bxc3 Nxd5 17. Bd2 Be6 18. Ne4 O-O-O 19. O-O-O Bf5 20. f3 Nge3 21. Rh1 Nxg2 22. Rh7 Bxe4 23. fxe4 Nf6 24. Rh2 Rxd2 25. Kxd2 Nxe4+ 26. Ke2 1/2-1/2


[Site "https://www.chess.com"]

[Event "Titled Tuesday Blitz February 07 Late 2023"]
[White "ritanovikova"]
[Black "Yedidia, Daniel"]
[BlackFideId "30905907"]
[WhiteElo "2226"]
[BlackElo "2041"]
[Result "0-1"]
[Round "05"]
[TimeControl "180+2"]
[Date "2023.02.07"]
[WhiteClock "0:00:03"]
[BlackClock "0:00:05"]

1. e4 e5 2. Nf3 Nc6 3. Bc4 Nf6 4. d3 Be7 5. O-O O-O 6. h3 d6 7. c3 Na5 8. Bb5 a6 9. Ba4 b5 10. Bc2 c5 11. d4 cxd4 12. cxd4 Nc6 13. a3 Qc7 14. Nc3 Nd7 15. Bb3 Nb6 16. Nd5 Nxd5 17. Bxd5 Bb7 18. Bg5 Nxd4 19. Nxd4 Bxg5 20. Nf5 Bxd5 21. Qxd5 Rfd8 22. h4 Be7 23. Rac1 Qd7 24. Rc6 Rac8 25. Rxa6 Bf8 26. Rd1 Rc2 27. b3 Qc8 28. Nxd6 Qxa6 29. Qxf7+ Kh8 30. Rd3 Bxd6 31. Rg3 Rg8 32. h5 Bc5 33. Rf3 Rc1+ 34. Kh2 Qh6 35. g4 Rc2 36. Kg2 Bxa3 37. Qf5 Rcc8 38. Rh3 Be7 39. Rg3 Qg5 40. Qe6 Rcf8 41. f3 Qd2+ 42. Kh3 Bf6 43. g5 Bxg5 44. Qxe5 Bf4 45. Qd5 Bxg3 46. Qxd2 Bf4 47. Qd3 Be5 48. Qxb5 Rxf3+ 49. Kg4 Rf4+ 50. Kh3 Rxe4 51. Qd5 Re3+ 52. Kg2 Bf6 53. h6 gxh6+ 54. Kf2 Bg5 55. Qd4+ Rg7 56. b4 Re8 57. b5 Be3+ 0-1


[Site "https://www.chess.com"]

[Event "Titled Tuesday Blitz February 07 Late 2023"]
[White "De Arruda, Leandro Formes"]
[Black "Michalski, Olaf"]
[WhiteFideId "22722009"]
[BlackFideId "1106740"]
[WhiteElo "1980"]
[BlackElo "2273"]
[Result "1-0"]
[Round "05"]
[TimeControl "180+2"]
[Date "2023.02.07"]
[WhiteClock "0:01:05"]
[BlackClock "0:00:01"]

1. d4 d6 2. Nf3 Bg4 3. Qd3 Nd7 4. Nc3 Ngf6 5. Bg5 h6 6. Bh4 e6 7. e4 Be7 8. Be2 O-O 9. O-O d5 10. e5 Bf5 11. Qb5 Ne4 12. Bxe7 Qxe7 13. Qxb7 Rfb8 14. Qxc7 Rxb2 15. Na4 Rbb8 16. Nc5 Nexc5 17. dxc5 Rc8 18. Qd6 Qxd6 19. cxd6 Rxc2 20. Bb5 Nb6 21. Nd4 Rc5 22. Ba6 Be4 23. Rfc1 Nc4 24. Nb5 Rd8 25. f4 f6 26. Nc7 Bf5 27. Bxc4 dxc4 28. Re1 fxe5 29. fxe5 Rd7 30. Rac1 c3 31. Re3 c2 32. Rb3 1-0


[Site "https://www.chess.com"]

[Event "Titled Tuesday Blitz February 07 Late 2023"]
[White "Ward, Ieuan C"]
[Black "Souza, Gustavo Horokoski De"]
[WhiteFideId "406627"]
[BlackFideId "2146584"]
[WhiteElo "2028"]
[BlackElo "1943"]
[Result "1/2-1/2"]
[Round "05"]
[TimeControl "180+2"]
[Date "2023.02.07"]
[WhiteClock "0:00:17"]
[BlackClock "0:00:09"]

1. e4 e6 2. d4 d5 3. e5 c5 4. c3 Nc6 5. Nf3 Nge7 6. dxc5 Ng6 7. b4 Ncxe5 8. Nxe5 Nxe5 9. Bf4 Qf6 10. Bg3 Bd7 11. Be2 a5 12. Nd2 axb4 13. cxb4 Ba4 14. Qb1 d4 15. O-O Bc6 16. Ne4 Qf5 17. Nd6+ Bxd6 18. Qxf5 exf5 19. cxd6 Ng6 20. f3 Kd7 21. Bc4 f4 22. Bf2 Ne5 23. Rfc1 Kxd6 24. Bxd4 Nxc4 25. Rxc4 Kd5 26. Rac1 Rhe8 27. Bxg7 Rxa2 28. Rd4+ Ke6 29. Re1+ Kf5 30. Rxe8 Bxe8 31. Bh6 Ra1+ 32. Kf2 Ra2+ 33. Kf1 Ra1+ 34. Ke2 Bb5+ 35. Kd2 Ra2+ 36. Kc3 Bc6 37. Rxf4+ Kg6 38. Bf8 Rxg2 39. h4 h5 40. Bc5 Rg3 41. Kd4 Rxf3 42. Rxf3 Bxf3 43. Ke3 Bd1 44. Kf4 Bg4 45. Bf8 b5 46. Bc5 Be2 47. Bd6 Bc4 48. Bc5 Kf6 49. Bd6 Ke6 50. Bc5 Be2 51. Bf8 Bg4 52. Bc5 Kd5 53. Bf8 Ke6 54. Bc5 Kd5 1/2-1/2


[Site "https://www.chess.com"]

[Event "Titled Tuesday Blitz February 07 Late 2023"]
[White "Bluebaum, Matthias"]
[Black "Andreikin, Dmitry"]
[WhiteFideId "24651516"]
[BlackFideId "4158814"]
[WhiteElo "2669"]
[BlackElo "2729"]
[Result "0-1"]
[Round "06"]
[TimeControl "180+2"]
[Date "2023.02.07"]
[WhiteClock "0:00:13"]
[BlackClock "0:00:11"]

1. d4 Nf6 2. c4 e6 3. Nc3 d5 4. cxd5 exd5 5. Bf4 Bd6 6. Bxd6 Qxd6 7. e3 O-O 8. Bd3 Bg4 9. f3 Bh5 10. Nge2 Re8 11. Qd2 c5 12. Nb5 Qe7 13. dxc5 Nbd7 14. Nc7 Nxc5 15. Nxa8 Rxa8 16. O-O Re8 17. Nf4 Bg6 18. Bxg6 hxg6 19. Rfe1 Qe5 20. Rac1 b6 21. Nd3 Nxd3 22. Qxd3 Qxb2 23. Rc2 Qb4 24. Rec1 Kh7 25. Qd4 Qa3 26. Re1 g5 27. h4 g4 28. Qf4 Qd3 29. Rf2 Qc3 30. Rfe2 gxf3 31. gxf3 Kg8 32. Rd1 b5 33. Qd4 Qc7 34. Rg2 Re6 35. Qb2 Qb6 36. Qd4 Rxe3 37. Qxb6 axb6 38. Rb1 Rxf3 39. Rxb5 d4 40. Rxb6 d3 41. Rd6 Ne4 42. Rd8+ Kh7 43. Rd7 d2 44. Rgxd2 Nxd2 45. Rxd2 Ra3 46. Rf2 f6 47. Rg2 Kh6 48. Kh2 g6 49. Kg1 f5 50. Kh2 Kh5 51. Rg5+ Kh6 52. Rg2 Ra5 53. Kh3 Ra4 54. Kh2 Rxh4+ 55. Kg1 Ra4 56. Rh2+ Kg5 57. Rb2 Kg4 58. Rg2+ Kh5 59. Rh2+ Kg5 60. Rg2+ Kf6 61. Rb2 f4 62. Kg2 Kf5 63. Kh3 Ra3+ 64. Rb3 Rxb3+ 65. axb3 g5 66. b4 Ke5 67. Kg4 Kd5 68. Kf3 Kc4 69. b5 Kxb5 70. Kg4 Kc4 71. Kxg5 f3 72. Kg4 f2 73. Kg5 f1=Q 74. Kg6 Kd4 75. Kg7 Ke5 76. Kg8 Ke6 77. Kh8 Qg2 78. Kh7 Kf6 79. Kh8 Qg3 80. Kh7 Qg4 81. Kh6 Qg6# 0-1


[Site "https://www.chess.com"]

[Event "Titled Tuesday Blitz February 07 Late 2023"]
[White "So, Wesley"]
[Black "Fedoseev, Vladimir"]
[WhiteFideId "5202213"]
[BlackFideId "24130737"]
[WhiteElo "2760"]
[BlackElo "2680"]
[Result "1/2-1/2"]
[Round "06"]
[TimeControl "180+2"]
[Date "2023.02.07"]
[WhiteClock "0:00:05"]
[BlackClock "0:00:10"]

1. Nf3 Nf6 2. c4 e6 3. g3 d5 4. Bg2 Be7 5. O-O O-O 6. d4 dxc4 7. Na3 Bxa3 8. bxa3 Bd7 9. Qc2 Bc6 10. a4 Bd5 11. Ba3 Re8 12. Rfe1 Be4 13. Qxc4 Nbd7 14. a5 Rc8 15. Qc3 Bd5 16. Bb4 b6 17. axb6 cxb6 18. Qb2 Qc7 19. Bf1 Bxf3 20. exf3 Qb7 21. a4 Qxf3 22. Bg2 Qh5 23. a5 Nd5 24. Bd2 N7f6 25. h3 Qg6 26. Rac1 h6 27. Qb5 bxa5 28. Qxa5 Qd3 29. Rcd1 Qxd4 30. Bxh6 Qb6 31. Bd2 Qxa5 32. Bxa5 Rc5 33. Ra1 Rec8 34. Bd2 R8c7 35. Ra3 Rc2 36. Bg5 Nc3 37. Rea1 Nfd5 38. Rxa7 Rxa7 39. Rxa7 f6 40. Bxd5 exd5 41. Bf4 g5 42. Bd6 d4 43. Bb4 Ne4 44. Rd7 Nxf2 45. Rxd4 Nxh3+ 46. Kf1 Kf7 47. Rd2 Rxd2 48. Bxd2 g4 49. Be3 Ke6 50. Ke2 Kd5 51. Kd3 f5 52. Kd2 Ke4 53. Ke2 Ke5 54. Kd3 Kd5 55. Kd2 Ke5 56. Kd3 Ke6 57. Ke2 Kf6 58. Kd3 Ng5 59. Ke2 Ne4 60. Bf4 Ke6 61. Kd3 Kd5 62. Ke3 Nc5 63. Bb8 Ne6 64. Kd3 Kc5 65. Ke3 Kc4 66. Bd6 Kc3 67. Bb8 Kc2 68. Ke2 Kc3 69. Ke3 Kc4 70. Be5 Kd5 71. Bb8 Nc5 72. Kf4 Ke6 73. Ke3 Nd7 74. Bf4 Nf6 75. Bb8 Nh5 76. Kd4 Ng7 77. Ke3 Kf6 78. Kd4 Ne6+ 79. Ke3 Ng5 80. Bf4 Nh3 81. Bb8 Ke6 82. Bc7 Ke7 83. Bb8 Kf6 84. Bc7 Ke6 85. Bb8 Ng5 86. Kd4 Nf7 87. Ke3 Nd8 88. Kf4 Nc6 89. Bc7 Ne7 90. Bb8 Nd5+ 91. Kg5 Nf6 92. Kf4 Nd7 93. Bc7 Nc5 94. Bb8 Na6 95. Be5 Nb4 96. Bb8 Nc6 97. Bc7 Kf6 98. Bd6 Kg6 99. Bc7 Nb4 100. Bb8 Nd5+ 101. Ke5 Ne3 1/2-1/2


[Site "https://www.chess.com"]

[Event "Titled Tuesday Blitz February 07 Late 2023"]
[White "Rasulov, Vugar"]
[Black "Naroditsky, Daniel"]
[WhiteFideId "13402390"]
[BlackFideId "2026961"]
[WhiteElo "2523"]
[BlackElo "2618"]
[Result "0-1"]
[Round "06"]
[TimeControl "180+2"]
[Date "2023.02.07"]
[WhiteClock "0:00:01"]
[BlackClock "0:00:15"]

1. Nf3 Nf6 2. c4 g6 3. b3 Bg7 4. Bb2 O-O 5. g3 d6 6. d4 Nbd7 7. Bg2 e5 8. dxe5 dxe5 9. Nfd2 c6 10. O-O Qc7 11. Nc3 Rd8 12. Nde4 Nxe4 13. Nxe4 Nc5 14. Nxc5 Rxd1 15. Raxd1 Bg4 16. Rfe1 Qa5 17. Na4 Rd8 18. Bc3 Qc7 19. h3 Bc8 20. Kh2 h5 21. h4 Bg4 22. Nc5 Rxd1 23. Rxd1 b6 24. Na6 Qe7 25. Nb4 e4 26. Nxc6 Qa3 27. Nd4 e3 28. fxe3 Qe7 29. Rd3 Be5 30. e4 Qxh4+ 31. Kg1 Qf6 32. Nb5 Bxe2 33. Rd6 Qg5 34. Bxe5 Qxe5 35. Rd5 Qxg3 36. Nd4 Bg4 37. e5 h4 38. e6 h3 0-1


[Site "https://www.chess.com"]

[Event "Titled Tuesday Blitz February 07 Late 2023"]
[White "Dubov, Daniil"]
[Black "Yoo, Christopher Woojin"]
[WhiteFideId "24126055"]
[BlackFideId "30909694"]
[WhiteElo "2708"]
[BlackElo "2607"]
[Result "0-1"]
[Round "06"]
[TimeControl "180+2"]
[Date "2023.02.07"]
[WhiteClock "0:00:03"]
[BlackClock "0:00:08"]

1. e4 e5 2. Nf3 Nc6 3. Bb5 a6 4. Ba4 Nf6 5. d3 Bc5 6. c3 b5 7. Bb3 d6 8. O-O O-O 9. Re1 Bb7 10. Bg5 h6 11. Bh4 Re8 12. Nbd2 Nb8 13. Nf1 Nbd7 14. Ne3 Bxe3 15. Rxe3 Nf8 16. Nd2 g5 17. Bg3 Ng6 18. Re1 d5 19. exd5 Nxd5 20. Qf3 Rb8 21. Qf5 Qf6 22. Qxf6 Nxf6 23. a4 Red8 24. axb5 axb5 25. Bxe5 Nxe5 26. Rxe5 Rxd3 27. Nf1 Bc6 28. Ne3 b4 29. Bc4 Rd2 30. Re7 Rd7 31. Bxf7+ Kf8 32. Rxd7 Bxd7 33. Bc4 bxc3 34. bxc3 Ne4 35. Rc1 Rb2 36. Bd3 Nc5 37. Bc2 Be6 38. h3 Ke7 39. Kf1 Kf6 40. Ke1 Bb3 41. Bxb3 Nd3+ 42. Kd1 Nxf2+ 43. Ke1 Nd3+ 44. Kd1 Nxc1 45. Bc4 Na2 46. Nd5+ Ke5 47. g3 c6 48. Ne3 Nxc3+ 49. Kc1 Rb4 50. Kd2 Kd4 51. Bd3 Ne4+ 52. Ke2 Nxg3+ 53. Kd2 Rb2+ 54. Nc2+ Ke5 55. Ke3 Rb3 56. Ne1 Nf5+ 57. Kf2 Nd4 58. Ke3 c5 59. Kd2 Kf4 60. Ng2+ Kg3 61. Ne3 Kxh3 62. Bc4 Ra3 63. Nd5 g4 64. Nf4+ Kh2 65. Nd3 g3 66. Bd5 g2 67. Bxg2 Kxg2 68. Nxc5 h5 0-1


[Site "https://www.chess.com"]

[Event "Titled Tuesday Blitz February 07 Late 2023"]
[White "Deac, Bogdan-Daniel"]
[Black "Makhnev, Denis"]
[WhiteFideId "1226380"]
[BlackFideId "13707647"]
[WhiteElo "2700"]
[BlackElo "2483"]
[Result "1-0"]
[Round "06"]
[TimeControl "180+2"]
[Date "2023.02.07"]
[WhiteClock "0:00:02"]
[BlackClock "0:00:06"]

1. d4 Nf6 2. c4 e6 3. Nf3 d5 4. Nc3 c6 5. cxd5 exd5 6. Bf4 Bf5 7. e3 Bd6 8. Bxd6 Qxd6 9. Qb3 Qc7 10. Rc1 Qb6 11. Nd2 O-O 12. Be2 Nbd7 13. O-O Rfe8 14. Rfe1 h5 15. h3 g6 16. Bf1 Kg7 17. f3 h4 18. Qxb6 axb6 19. e4 Be6 20. a4 g5 21. Kf2 Red8 22. Rcd1 Nf8 23. b4 dxe4 24. Ndxe4 Nxe4+ 25. fxe4 Bb3 26. Rd2 Bxa4 27. d5 Ng6 28. b5 cxd5 29. exd5 Bb3 30. Rb1 Ra3 31. Rbb2 Ba4 32. Nxa4 Rxa4 33. Rbc2 Nf4 34. d6 Ne6 35. Be2 Rf4+ 36. Bf3 Nd4 37. Rc7 Rxd6 38. Rxb7 1-0


[Site "https://www.chess.com"]

[Event "Titled Tuesday Blitz February 07 Late 2023"]
[White "Ibarra Jerez, Jose Carlos"]
[Black "Salem, A.R. Saleh"]
[WhiteFideId "2226332"]
[BlackFideId "9301348"]
[WhiteElo "2563"]
[BlackElo "2677"]
[Result "1/2-1/2"]
[Round "06"]
[TimeControl "180+2"]
[Date "2023.02.07"]
[WhiteClock "0:00:43"]
[BlackClock "0:00:25"]

1. e4 c5 2. Be2 Nc6 3. d3 Nf6 4. f4 g6 5. Nf3 d5 6. e5 Nh5 7. c3 Bh6 8. g3 f6 9. O-O Bh3 10. Rf2 Qb6 11. Na3 O-O-O 12. d4 Rhf8 13. Qb3 Ng7 14. Qxb6 axb6 15. Nb5 Nf5 16. b3 Bg4 17. Ba3 fxe5 18. Nxe5 Nxe5 19. dxe5 Bxe2 20. Rxe2 Kd7 21. Rd1 Kc6 22. Na7+ Kc7 23. Nb5+ Kc6 24. Na7+ Kc7 25. Nb5+ Kc6 1/2-1/2


[Site "https://www.chess.com"]

[Event "Titled Tuesday Blitz February 07 Late 2023"]
[White "Makarian, Rudik"]
[Black "Paravyan, David"]
[WhiteFideId "44105681"]
[BlackFideId "4194985"]
[WhiteElo "2545"]
[BlackElo "2601"]
[Result "0-1"]
[Round "06"]
[TimeControl "180+2"]
[Date "2023.02.07"]
[WhiteClock "0:00:01"]
[BlackClock "0:00:23"]

1. d4 Nf6 2. c4 g6 3. Nc3 d5 4. Bf4 Bg7 5. e3 O-O 6. Rc1 c6 7. Nf3 Bg4 8. cxd5 Nxd5 9. Nxd5 cxd5 10. a3 Nc6 11. Be2 Qb6 12. b4 Rfc8 13. O-O e6 14. Nd2 Bxe2 15. Qxe2 a6 16. Rc2 e5 17. dxe5 Nxe5 18. Rxc8+ Rxc8 19. Bxe5 Bxe5 20. Nf3 Bf6 21. Qd2 Qb5 22. Rd1 Rc3 23. g4 Rxa3 24. Qxd5 Ra1 25. Kg2 Rxd1 26. Qxd1 Qxb4 27. h3 Qe4 28. Qd7 Qc6 29. Qd3 a5 30. e4 a4 31. g5 Bb2 32. h4 a3 33. h5 gxh5 34. Nh4 Bg7 35. Nf5 Bf8 36. Qd4 a2 37. f3 Qg6 38. f4 h6 39. Qd8 Qxf5 40. exf5 a1=Q 0-1


[Site "https://www.chess.com"]

[Event "Titled Tuesday Blitz February 07 Late 2023"]
[White "Bortnyk, Olexandr"]
[Black "Grigorov, Grigor"]
[WhiteFideId "14120828"]
[BlackFideId "2907313"]
[WhiteElo "2605"]
[BlackElo "2510"]
[Result "1-0"]
[Round "06"]
[TimeControl "180+2"]
[Date "2023.02.07"]
[WhiteClock "0:02:45"]
[BlackClock "0:01:37"]

1. d4 Nf6 2. Nc3 d5 3. Bf4 e6 4. Nb5 Bb4+ 5. c3 Ba5 6. a4 a6 7. b4 Bxb4 8. cxb4 axb5 9. axb5 Rxa1 10. Qxa1 Nh5 11. Bd2 Qd6 12. Nf3 O-O 13. e3 Nd7 14. Bd3 Nb6 15. O-O Nc4 16. Qc3 Bd7 17. Bxc4 dxc4 18. Qxc4 Qb6 19. Rc1 Rc8 20. Qc5 Qxb5 21. Qxb5 Bxb5 22. Rc5 1-0


[Site "https://www.chess.com"]

[Event "Titled Tuesday Blitz February 07 Late 2023"]
[White "Milikow, Yoav"]
[Black "Hakobyan, Aram"]
[WhiteFideId "2822237"]
[BlackFideId "13306677"]
[WhiteElo "2394"]
[BlackElo "2608"]
[Result "0-1"]
[Round "06"]
[TimeControl "180+2"]
[Date "2023.02.07"]
[WhiteClock "0:00:06"]
[BlackClock "0:00:51"]

1. d4 g6 2. c4 Bg7 3. Nc3 c5 4. d5 d6 5. e4 Bxc3+ 6. bxc3 e5 7. h4 h6 8. h5 Nd7 9. Bd3 Qf6 10. Ne2 Kd8 11. hxg6 fxg6 12. Be3 Kc7 13. Qd2 g5 14. Ng3 Ne7 15. a4 a5 16. O-O Nf8 17. Rfb1 Ra6 18. Bf1 Nfg6 19. Ne2 Nf4 20. f3 h5 21. g3 Rg8 22. Kf2 Nxe2 23. Kxe2 h4 24. g4 Bd7 25. Bh3 Nc8 26. Rb5 Bxb5 27. axb5 Ra8 28. Rf1 Nb6 29. Kd3 a4 30. Qf2 Qe7 31. Rd1 a3 32. Bf1 Ra4 33. Kc2 a2 34. Ra1 Rga8 35. Qd2 Qf7 36. Kb3 Qxf3 37. Be2 Qxe4 38. Bd3 Qxg4 39. Qf2 Ra3+ 40. Kc2 Nd7 41. Bf5 Qxc4 42. Bxd7 Qxc3+ 43. Kd1 Qxa1+ 44. Bc1 Qxc1+ 0-1


[Site "https://www.chess.com"]

[Event "Titled Tuesday Blitz February 07 Late 2023"]
[White "Duda, Jan-Krzysztof"]
[Black "Stoyanov, Tsvetan"]
[WhiteFideId "1170546"]
[BlackFideId "2917173"]
[WhiteElo "2724"]
[BlackElo "2454"]
[Result "1-0"]
[Round "06"]
[TimeControl "180+2"]
[Date "2023.02.07"]
[WhiteClock "0:00:38"]
[BlackClock "0:00:01"]

1. e4 c5 2. Nf3 d6 3. Bc4 Nf6 4. d3 Nc6 5. c3 e6 6. Bb3 Be7 7. O-O O-O 8. Nbd2 b5 9. Re1 Rb8 10. Nf1 Re8 11. d4 cxd4 12. cxd4 d5 13. e5 Ne4 14. Ng3 Bb7 15. Bc2 Nb4 16. Bb1 a5 17. a3 Na6 18. Nd2 Rc8 19. Ndxe4 dxe4 20. Nxe4 Qd5 21. Qg4 Red8 22. Bh6 g6 23. Be3 h5 24. Qg3 b4 25. f3 Qb3 26. Nf6+ Bxf6 27. exf6 Kf8 28. Bxg6 Rc7 29. Bh7 Ke8 30. Bf4 Kd7 31. Bxc7 Nxc7 32. Qg7 Qxb2 33. Qxf7+ Kc8 34. axb4 Qxd4+ 35. Kh1 axb4 36. Rac1 Qd6 37. Rxe6 Qd1+ 38. Re1 Qd6 39. Qe7 Qxe7 40. fxe7 Re8 41. Bf5+ Kb8 42. Bd7 1-0


[Site "https://www.chess.com"]

[Event "Titled Tuesday Blitz February 07 Late 2023"]
[White "Kollars, Dmitrij"]
[Black "Riehle, Marco"]
[WhiteFideId "12909572"]
[BlackFideId "12904392"]
[WhiteElo "2607"]
[BlackElo "2368"]
[Result "1-0"]
[Round "06"]
[TimeControl "180+2"]
[Date "2023.02.07"]
[WhiteClock "0:01:01"]
[BlackClock "0:00:46"]

1. c4 e6 2. Nc3 d5 3. d4 c5 4. cxd5 cxd4 5. Qa4+ Bd7 6. Qxd4 exd5 7. Qxd5 Nc6 8. Qd1 Bc5 9. e3 Nf6 10. Nf3 Qe7 11. a3 O-O-O 12. Qc2 Kb8 13. Be2 g5 14. b4 Bb6 15. Bb2 g4 16. Nd2 Rhg8 17. Nc4 Bc7 18. Rd1 Ne5 19. b5 h5 20. Ne4 Bxb5 21. Rxd8+ Rxd8 22. Nxe5 Bxe2 23. Nc6+ bxc6 24. Bxf6 Qxa3 25. Bxd8 Bd3 26. Bxc7+ Kxc7 27. Qc3 1-0


[Site "https://www.chess.com"]

[Event "Titled Tuesday Blitz February 07 Late 2023"]
[White "Dominguez Perez, Leinier"]
[Black "Mikaelyan, Arman"]
[WhiteFideId "3503240"]
[BlackFideId "13304852"]
[WhiteElo "2739"]
[BlackElo "2523"]
[Result "1-0"]
[Round "06"]
[TimeControl "180+2"]
[Date "2023.02.07"]
[WhiteClock "0:00:03"]
[BlackClock "0:00:02"]

1. d4 Nf6 2. Nf3 d5 3. e3 c6 4. Nbd2 Nbd7 5. c4 e6 6. b3 b6 7. Bb2 Bb7 8. Bd3 Be7 9. O-O O-O 10. Qe2 c5 11. Rfd1 Qc7 12. Rac1 Rad8 13. cxd5 exd5 14. dxc5 bxc5 15. e4 dxe4 16. Nxe4 Nxe4 17. Bxe4 Bxe4 18. Qxe4 Nf6 19. Qc4 Rxd1+ 20. Rxd1 Rd8 21. Re1 Nd5 22. g3 h6 23. Kg2 Bf6 24. Bxf6 Nxf6 25. Re5 Rc8 26. h3 Kh7 27. Rf5 Kg8 28. Ne5 Qb7+ 29. Kh2 Qe7 30. Ng4 Nxg4+ 31. hxg4 Rc6 32. Rd5 Rc8 33. Qd3 Qe6 34. Qf5 Qxf5 35. gxf5 c4 36. bxc4 Rxc4 37. Ra5 Rc7 38. g4 g6 39. fxg6 fxg6 40. Ra6 Kg7 41. f4 Rc2+ 42. Kg3 Rc3+ 43. Kh4 Rc7 44. a4 Rf7 45. Kg3 Rc7 46. f5 gxf5 47. gxf5 Rc3+ 48. Kf4 Rc7 49. a5 Kh7 50. Ke5 Kg7 51. Rg6+ Kh7 52. Rd6 Kg7 53. Ke6 h5 54. Rd2 1-0


[Site "https://www.chess.com"]

[Event "Titled Tuesday Blitz February 07 Late 2023"]
[White "Esipenko, Andrey"]
[Black "Boros, Denes"]
[WhiteFideId "24175439"]
[BlackFideId "722340"]
[WhiteElo "2679"]
[BlackElo "2406"]
[Result "0-1"]
[Round "06"]
[TimeControl "180+2"]
[Date "2023.02.07"]
[WhiteClock "0:00:02"]
[BlackClock "0:00:20"]

1. e4 c5 2. Nf3 d6 3. Bb5+ Bd7 4. c4 g6 5. O-O a6 6. Bxd7+ Nxd7 7. d4 Bg7 8. Nc3 cxd4 9. Nxd4 Rc8 10. b3 b5 11. Be3 bxc4 12. b4 Ngf6 13. h3 O-O 14. Qa4 Ne5 15. Qxa6 Ra8 16. Qb5 Qc7 17. f4 Nd3 18. a3 e5 19. fxe5 Nxe5 20. Nd5 Nxd5 21. Qxd5 c3 22. Nb5 Qc4 23. Bd4 Rfb8 24. Nxc3 Nf3+ 25. gxf3 Qxd4+ 26. Kg2 Qxc3 27. Qxd6 Rd8 28. Qc5 Qxc5 29. bxc5 Bxa1 0-1


[Site "https://www.chess.com"]

[Event "Titled Tuesday Blitz February 07 Late 2023"]
[White "Urazayev, Arystanbek"]
[Black "Borges Feria, Yasel"]
[WhiteFideId "13709810"]
[BlackFideId "3504921"]
[WhiteElo "2460"]
[BlackElo "2439"]
[Result "0-1"]
[Round "06"]
[TimeControl "180+2"]
[Date "2023.02.07"]
[WhiteClock "0:00:18"]
[BlackClock "0:00:38"]

1. e4 e5 2. Nf3 Nc6 3. Bb5 a6 4. Ba4 Nf6 5. O-O Be7 6. d3 d6 7. c4 O-O 8. h3 Bd7 9. Nc3 Nd4 10. Nxd4 exd4 11. Ne2 c5 12. f4 Bxa4 13. Qxa4 Rb8 14. Qd1 b5 15. b3 Qc7 16. Ng3 Rfe8 17. Nf5 Bf8 18. Bd2 g6 19. Ng3 Bg7 20. f5 bxc4 21. bxc4 Rb2 22. Bg5 Nd7 23. f6 Bf8 24. Qc1 Reb8 25. Bh6 Qc8 26. Nf5 Qe8 27. Qg5 Bxh6 28. Qxh6 Qf8 29. Qxf8+ Kxf8 30. Nxd6 Ne5 31. Nf5 gxf5 32. Rxf5 Rb1+ 33. Rxb1 Rxb1+ 34. Kh2 Nxd3 35. Kg3 Re1 36. Rd5 Ke8 37. Rd6 Rxe4 38. Rxa6 Ne5 39. Ra7 d3 40. Ra8+ Kd7 41. Ra7+ Ke6 42. Ra6+ Kf5 43. Kf2 Nxc4 44. g4+ Kf4 45. Ra7 Re2+ 46. Kf1 Ne3+ 47. Kg1 d2 0-1


[Site "https://www.chess.com"]